[ AOE2 MATCH · #505717286 ]
UnrankedTatars vs Hindustanis
Player's team · LOSS
[ REPLAY ANALYSIS · EXTRACTED FROM THE RECORDED GAME ]
Feudal
11:21
Castle
25:14
Imperial
—
| APM avg | 51.3 |
| APM peak | 89 |
| eAPM avg | 20.5 |
| Villagers / military | 66 / 62 |
Focus
⚔️ 41.0% · 🌾 59.0%
Archer ×42 · Knight ×13 · Militia ×4 · Battering Ram ×2 · Scout Cavalry ×1
Feudal
9:01
Castle
21:35
Imperial
—
| APM avg | 69.7 |
| APM peak | 109 |
| eAPM avg | 33.1 |
| Villagers / military | 103 / 98 |
Focus
⚔️ 35.2% · 🌾 64.8%
Ghulam ×44 · Skirmisher ×23 · Monk ×16 · Archer ×7 · Militia ×6 · Armored Elephant ×2
Match map
Initial resources + every placement click. Lines = walls · curves = elevation contours. ◆ gold · ⬟ stone · ● berries · ✦ relic · ◌ wall gap
Your base· Open — 10t gap
PandaThicc's base· Open — 10t gap
Smoothed initial terrain · ◌ = detected wall gap · hover for details
Inputs per minute
— EmmaWatchSon - - PandaThicc
Build order — EmmaWatchSon
First 150 of 222 actions detected
| 0:02 | Queue | Villager (Male) ×4 |
| 0:03 | Build | House |
| 0:04 | Build | House |
| 1:26 | Queue | Villager (Male) |
| 1:49 | Queue | Villager (Male) |
| 2:22 | Build | Lumber Camp |
| 2:30 | Queue | Villager (Male) |
| 2:49 | Queue | Villager (Male) |
| 3:04 | Build | House |
| 3:19 | Queue | Villager (Male) |
| 3:34 | Queue | Villager (Male) |
| 4:15 | Queue | Villager (Male) |
| 4:15 | Queue | Villager (Male) |
| 4:15 | Queue | Villager (Male) |
| 5:01 | Queue | Villager (Male) |
| 5:27 | Queue | Villager (Male) |
| 5:27 | Queue | Villager (Male) |
| 5:31 | Build | Barracks |
| 5:41 | Queue | Villager (Male) |
| 5:41 | Queue | Villager (Male) |
| 5:45 | Build | House |
| 6:05 | Queue | Villager (Male) |
| 6:28 | Queue | Militia |
| 6:35 | Queue | Villager (Male) |
| 6:40 | Build | House |
| 6:50 | Queue | Militia |
| 6:54 | Queue | Villager (Male) |
| 6:56 | Queue | Militia |
| 7:07 | Queue | Villager (Male) |
| 7:32 | Queue | Militia |
| 8:03 | Build | Mill |
| 8:04 | Queue | Villager (Male) |
| 8:37 | Queue | Villager (Male) |
| 8:38 | Research | Loom |
| 9:11 | Research | Feudal Age |
| 9:18 | Build | Mining Camp |
| 9:26 | Build | House |
| 9:41 | Build | Palisade Wall |
| 10:06 | Queue | Villager (Male) |
| 11:14 | Queue | Villager (Male) |
| 11:21 | Age | Feudal Age |
| 11:22 | Build | Archery Range |
| 11:28 | Research | Man-at-Arms (upgrade) |
| 11:36 | Research | Double-Bit Axe |
| 11:40 | Build | Palisade Wall |
| 11:42 | Build | Palisade Wall |
| 11:46 | Build | Palisade Wall |
| 11:53 | Queue | Villager (Male) |
| 12:11 | Research | Arson |
| 12:12 | Queue | Villager (Male) |
| 12:15 | Queue | Archer |
| 12:16 | Queue | Archer |
| 12:21 | Queue | Villager (Male) |
| 12:35 | Build | Watch Tower |
| 12:52 | Queue | Villager (Male) |
| 13:33 | Queue | Archer |
| 13:33 | Queue | Villager (Male) |
| 13:46 | Queue | Villager (Male) |
| 13:53 | Research | Wheelbarrow |
| 14:03 | Build | Blacksmith |
| 14:13 | Queue | Archer |
| 14:43 | Queue | Villager (Male) |
| 15:02 | Research | Fletching |
| 15:04 | Build | House |
| 15:23 | Queue | Archer |
| 15:23 | Queue | Villager (Male) |
| 15:25 | Build | Archery Range |
| 15:39 | Queue | Villager (Male) |
| 15:52 | Build | Palisade Wall |
| 15:58 | Queue | Archer |
| 16:27 | Queue | Archer |
| 16:28 | Queue | Archer |
| 16:28 | Queue | Villager (Male) |
| 16:48 | Queue | Villager (Male) |
| 16:50 | Queue | Archer |
| 16:50 | Queue | Archer |
| 16:51 | Build | Mining Camp |
| 16:55 | Build | House |
| 16:55 | Build | House |
| 17:08 | Queue | Archer |
| 17:18 | Research | Horse Collar |
| 17:52 | Build | House |
| 17:53 | Build | House |
| 17:57 | Build | Farm |
| 17:58 | Build | Farm |
| 17:58 | Build | Farm |
| 17:58 | Build | Farm |
| 17:58 | Build | Farm |
| 17:59 | Build | Farm |
| 17:59 | Build | Farm |
| 18:03 | Build | Farm |
| 18:04 | Build | Farm |
| 18:29 | Queue | Archer |
| 18:30 | Queue | Archer |
| 18:30 | Queue | Archer |
| 18:30 | Queue | Villager (Male) |
| 19:03 | Queue | Archer |
| 19:03 | Queue | Archer |
| 19:03 | Queue | Archer |
| 19:07 | Build | Farm |
| 19:56 | Queue | Archer |
| 19:56 | Queue | Archer |
| 19:57 | Queue | Villager (Male) |
| 19:58 | Queue | Villager (Male) |
| 20:04 | Queue | Villager (Male) |
| 20:07 | Build | House |
| 20:08 | Build | House |
| 20:12 | Queue | Archer |
| 20:12 | Queue | Archer |
| 20:32 | Queue | Archer |
| 20:32 | Queue | Archer |
| 20:33 | Queue | Villager (Male) |
| 20:41 | Build | Mill |
| 20:41 | Build | Farm |
| 20:42 | Build | Farm |
| 20:42 | Build | Farm |
| 20:42 | Build | Farm |
| 20:42 | Build | Farm |
| 20:42 | Build | Farm |
| 21:19 | Build | Market |
| 21:52 | Queue | Villager (Male) |
| 21:58 | Queue | Archer |
| 21:59 | Queue | Archer |
| 22:34 | Research | Castle Age |
| 22:42 | Build | House |
| 22:42 | Build | House |
| 22:43 | Build | House |
| 22:56 | Build | Farm |
| 23:05 | Research | Gold Mining |
| 23:30 | Queue | Archer |
| 23:30 | Queue | Archer |
| 23:30 | Queue | Archer |
| 23:38 | Research | Padded Archer Armor |
| 24:15 | Queue | Archer |
| 24:16 | Queue | Archer |
| 24:17 | Queue | Villager (Male) |
| 24:20 | Build | Stable |
| 24:31 | Queue | Archer |
| 24:31 | Queue | Archer |
| 25:02 | Build | House |
| 25:14 | Age | Castle Age |
| 25:18 | Research | Bodkin Arrow |
| 25:34 | Queue | Knight |
| 25:35 | Build | Siege Workshop |
| 26:02 | Queue | Scout Cavalry |
| 26:02 | Queue | Knight |
| 26:08 | Queue | Villager (Male) |
| 26:09 | Queue | Villager (Male) |
| 26:09 | Queue | Villager (Male) |
| 26:12 | Research | Bow Saw |
Build order — PandaThicc
First 150 of 326 actions detected
| 0:01 | Queue | Villager (Male) |
| 0:01 | Queue | Villager (Male) |
| 0:02 | Build | House |
| 0:03 | Build | House |
| 0:05 | Queue | Villager (Male) |
| 0:09 | Queue | Villager (Male) |
| 0:09 | Queue | Villager (Male) |
| 1:05 | Queue | Villager (Male) |
| 1:06 | Queue | Villager (Male) |
| 1:40 | Queue | Villager (Male) |
| 2:20 | Queue | Villager (Male) |
| 2:30 | Queue | Villager (Male) |
| 3:09 | Build | Lumber Camp |
| 3:19 | Queue | Villager (Male) |
| 3:41 | Queue | Villager (Male) |
| 3:56 | Queue | Villager (Male) |
| 3:56 | Queue | Villager (Male) |
| 4:12 | Queue | Villager (Male) |
| 4:14 | Queue | Villager (Male) |
| 4:34 | Build | House |
| 4:38 | Research | Loom |
| 4:38 | Queue | Villager (Male) |
| 4:45 | Queue | Villager (Male) |
| 5:24 | Queue | Villager (Male) |
| 5:50 | Build | Barracks |
| 6:14 | Queue | Villager (Male) |
| 6:26 | Build | House |
| 6:51 | Research | Feudal Age |
| 6:51 | Research | Feudal Age |
| 6:58 | Build | House |
| 7:16 | Queue | Militia |
| 7:17 | Queue | Militia |
| 7:22 | Queue | Militia |
| 7:22 | Queue | Militia |
| 7:38 | Queue | Militia |
| 7:57 | Build | Mill |
| 8:11 | Build | Palisade Wall |
| 8:12 | Build | Palisade Wall |
| 8:12 | Build | Palisade Wall |
| 8:37 | Queue | Militia |
| 8:45 | Queue | Villager (Male) |
| 8:48 | Build | Palisade Wall |
| 8:48 | Build | Palisade Wall |
| 8:50 | Build | Palisade Wall |
| 9:01 | Age | Feudal Age |
| 9:13 | Queue | Villager (Male) |
| 9:38 | Queue | Villager (Male) |
| 9:41 | Research | Man-at-Arms (upgrade) |
| 9:41 | Research | Man-at-Arms (upgrade) |
| 9:50 | Build | Archery Range |
| 9:52 | Queue | Villager (Male) |
| 10:04 | Queue | Villager (Male) |
| 10:13 | Research | Double-Bit Axe |
| 10:13 | Research | Double-Bit Axe |
| 10:56 | Queue | Villager (Male) |
| 10:57 | Queue | Skirmisher |
| 10:58 | Queue | Archer |
| 11:06 | Build | Lumber Camp |
| 11:14 | Build | House |
| 11:22 | Queue | Villager (Male) |
| 11:33 | Queue | Archer |
| 11:38 | Build | House |
| 11:40 | Queue | Villager (Male) |
| 12:04 | Queue | Archer |
| 12:13 | Queue | Villager (Male) |
| 12:14 | Queue | Archer |
| 12:39 | Queue | Villager (Male) |
| 12:44 | Queue | Villager (Male) |
| 12:47 | Build | House |
| 12:48 | Build | House |
| 13:01 | Queue | Villager (Male) |
| 13:16 | Queue | Archer |
| 13:32 | Build | Blacksmith |
| 13:34 | Build | House |
| 13:51 | Queue | Villager (Male) |
| 13:58 | Build | House |
| 14:04 | Build | Farm |
| 14:10 | Queue | Archer |
| 14:20 | Queue | Villager (Male) |
| 14:22 | Build | Farm |
| 14:31 | Queue | Villager (Male) |
| 15:00 | Research | Fletching |
| 15:00 | Research | Fletching |
| 15:12 | Queue | Villager (Male) |
| 15:32 | Queue | Villager (Male) |
| 15:35 | Build | Market |
| 15:54 | Build | Farm |
| 15:54 | Build | Farm |
| 15:54 | Build | Farm |
| 15:55 | Build | Farm |
| 15:55 | Build | Farm |
| 15:55 | Build | Farm |
| 16:14 | Queue | Villager (Male) |
| 16:31 | Build | Mining Camp |
| 16:42 | Queue | Villager (Male) |
| 17:11 | Queue | Villager (Male) |
| 17:15 | Queue | Archer |
| 17:20 | Queue | Villager (Male) |
| 17:24 | Build | Farm |
| 17:28 | Build | Farm |
| 17:36 | Build | Palisade Wall |
| 17:52 | Queue | Skirmisher |
| 17:56 | Build | Palisade Wall |
| 18:09 | Queue | Villager (Male) |
| 18:21 | Queue | Skirmisher |
| 18:47 | Queue | Villager (Male) |
| 18:55 | Research | Castle Age |
| 18:55 | Research | Castle Age |
| 19:09 | Build | Mining Camp |
| 19:26 | Queue | Skirmisher |
| 19:45 | Queue | Skirmisher |
| 19:53 | Research | Padded Archer Armor |
| 19:54 | Queue | Skirmisher |
| 20:02 | Build | Archery Range |
| 20:03 | Queue | Skirmisher |
| 20:40 | Queue | Skirmisher |
| 20:41 | Queue | Villager (Male) |
| 20:50 | Queue | Villager (Male) |
| 20:54 | Queue | Skirmisher |
| 21:02 | Queue | Skirmisher |
| 21:06 | Queue | Skirmisher |
| 21:13 | Queue | Villager (Male) |
| 21:35 | Age | Castle Age |
| 21:49 | Queue | Skirmisher |
| 21:54 | Queue | Villager (Male) |
| 21:56 | Build | House |
| 22:00 | Build | House |
| 22:02 | Queue | Skirmisher |
| 22:05 | Queue | Villager (Male) |
| 22:08 | Build | Town Center |
| 22:09 | Queue | Villager (Male) |
| 22:34 | Research | Horse Collar |
| 22:34 | Research | Horse Collar |
| 22:37 | Research | Bow Saw |
| 22:37 | Research | Bow Saw |
| 22:37 | Research | Bow Saw |
| 22:40 | Queue | Skirmisher |
| 22:45 | Build | Palisade Wall |
| 22:53 | Build | Farm |
| 22:55 | Build | Farm |
| 22:58 | Build | Farm |
| 23:00 | Build | Farm |
| 23:04 | Build | House |
| 23:04 | Build | House |
| 23:07 | Queue | Villager (Male) |
| 23:16 | Queue | Skirmisher |
| 23:17 | Queue | Skirmisher |
| 23:30 | Queue | Villager (Male) |
| 23:30 | Queue | Villager (Male) |
| 23:33 | Queue | Villager (Male) |
Match timeline
| 5:31 | EmmaWatchSon · first_building Barracks |
| 5:50 | PandaThicc · first_building Barracks |
| 8:11 | PandaThicc · wall_segment Palisade Wall x1 |
| 8:12 | PandaThicc · wall_segment Palisade Wall x1 |
| 8:12 | PandaThicc · wall_segment Palisade Wall x1 |
| 8:48 | PandaThicc · wall_segment Palisade Wall x1 |
| 8:48 | PandaThicc · wall_segment Palisade Wall x1 |
| 8:50 | PandaThicc · wall_segment Palisade Wall x1 |
| 9:01 | PandaThicc · age_up feudal |
| 9:41 | EmmaWatchSon · wall_segment Palisade Wall x2 |
| 9:50 | PandaThicc · first_building Archery Range |
| 11:21 | EmmaWatchSon · age_up feudal |
| 11:22 | EmmaWatchSon · first_building Archery Range |
| 11:40 | EmmaWatchSon · wall_segment Palisade Wall x1 |
| 11:42 | EmmaWatchSon · wall_segment Palisade Wall x5 |
| 11:46 | EmmaWatchSon · wall_segment Palisade Wall x3 |
| 15:52 | EmmaWatchSon · wall_segment Palisade Wall x1 |
| 17:07 | PandaThicc · first_market_sell 100 wood |
| 17:07 | PandaThicc · first_market_buy 100 food |
| 17:36 | PandaThicc · wall_segment Palisade Wall x1 |
| 17:56 | PandaThicc · wall_segment Palisade Wall x1 |
| 21:35 | PandaThicc · age_up castle |
| 22:18 | EmmaWatchSon · first_market_sell 100 wood |
| 22:22 | EmmaWatchSon · first_market_buy 100 food |
| 22:45 | PandaThicc · wall_segment Palisade Wall x1 |
| 23:44 | PandaThicc · first_building Castle |
| 24:20 | EmmaWatchSon · first_building Stable |
| 25:14 | EmmaWatchSon · age_up castle |
| 25:35 | EmmaWatchSon · first_building Siege Workshop |
| 25:50 | PandaThicc · first_building Siege Workshop |
| 26:26 | EmmaWatchSon · wall_segment Palisade Wall x1 |
| 26:56 | PandaThicc · first_building Monastery |
| 34:16 | EmmaWatchSon · resign |
[ AI ANALYSIS · 1 CREDIT ]
What really happened in this match?
Wolo.gg analyzes every decision: build order, eco, micro, common mistakes by bracket. Personalized analysis on WhatsApp or Discord in 30 seconds.
Civ guide
Tatars
Perfil
EmmaWatchSon